 Dungeon Crawl Stone Soup version 0.29-a0-356-g7bc237e783 (webtiles) character file.

Game seed: 17048601828190597091

1433 ytrimaz the Insei (level 8, 0/48 HPs)
             Began as an Octopode Transmuter on Apr 26, 2022.
             Was an Initiate of Ashenzari.
             Slain by a gnoll
             ... wielding a +0 club
              (2 damage)
             ... on level 6 of the Dungeon.
             The game lasted 00:09:21 (6867 turns).

ytrimaz the Insei (Octopode Transmuter)             Turns: 6867, Time: 00:09:22

Health: 0/48       AC:  5    Str: 10    XL:     8   Next: 73%
Magic:  12/12      EV: 13    Int: 17    God:    Ashenzari [......]
Gold:   329        SH:  0    Dex: 12    Spells: 3/13 levels left

rFire   . . .      SeeInvis .     - Unarmed
rCold   . . .      Faith    +   (no shield)
rNeg    . . .      Spirit   .   (helmet restricted)
rPois   +          Reflect  .   e - amulet of faith
rElec   .          Harm     .   a - ring of poison resistance
rCorr   .          Rampage  .   j - +4 ring of protection
Will    .....      Rnd*Tele +   (no ring)
Stlth   +.........              (no ring)
HPRegen 0.16/turn               (no ring)
MPRegen 0.13/turn               (no ring)
                                (no ring)
                                (no ring)

@: confused, lit by a corona, ambrosia-drunk, wereblooded, glowing
A: almost no armour, amphibious, 8 rings, camouflage 1, gelatinous body 1,
(nimble swimmer 1), tentacles, teleportitis 1
a: Renounce Religion


You were on level 6 of the Dungeon.
You worshipped Ashenzari.
Ashenzari was noncommittal.
You visited 2 branches of the dungeon, and saw 7 of its levels.

You collected 389 gold pieces.
You spent 60 gold pieces at shops.

Inventory:

Jewellery
 a - a ring of poison resistance (left tentacle)
 e - an amulet of faith (around mantle)
 g - a ring of flight
 j - a +4 ring of protection (right tentacle)
Wands
 h - a wand of flame (21)
 m - a wand of acid (6)
 n - a wand of iceblast (7)
 q - a wand of polymorph (11)
Scrolls
 b - 2 scrolls of enchant weapon
 c - a scroll of noise
 d - a scroll of silence
 r - a scroll of identify
Potions
 f - a potion of flight
 i - a potion of attraction
 k - a potion of ambrosia
 l - 2 potions of cancellation
 p - a potion of curing


   Skills:
 - Level 1.0 Fighting
 + Level 3.2 Dodging
 - Level 7.0 Stealth
 + Level 7.4 Unarmed Combat
 * Level 3.1 Spellcasting
 * Level 5.2 Transmutations
 + Level 0.2 Ice Magic
 + Level 0.2 Poison Magic


You had 3 spell levels left.
You knew the following spells:

 Your Spells              Type           Power      Damage    Failure   Level
a - Beastly Appendage     Tmut           40%        N/A       1%          1
b - Wereblood             Tmut           20%        N/A       3%          2
c - Spider Form           Tmut/Pois      12%        N/A       17%         3
d - Ice Form              Ice/Tmut       11%        N/A       50%         4

Your spell library contained the following spells:

 Spells                   Type           Power      Damage    Failure   Level
 Passwall                 Tmut/Erth      9%         N/A       9%          2
 Ensorcelled Hibernation  Hex/Ice        6%         N/A       26%         2
 Swiftness                Air            2%         N/A       45%         3
 Tukima's Dance           Hex            2%         N/A       45%         3
 Anguish                  Hex/Necr       1%         N/A       86%         4
 Enfeeble                 Hex            1%         N/A       100%        7


Dungeon Overview and Level Annotations

Branches:
Dungeon (6/15)             Temple (1/1) D:5

Altars:
Ashenzari
Cheibriados
Dithmenos
Elyvilon
Fedhas
Gozag
Hepliaklqana
Makhleb
Nemelex Xobeh
Okawaru
Qazlal
Ru
Sif Muna
Trog
Uskayaw
Vehumet
Xom
Yredelemnul
Zin
The Shining One

Shops:
D:1 ?   D:4 *

Annotations:
D:2 1 runed translucent door, Crazy Yiuf


Innate Abilities, Weirdness & Mutations

You cannot wear most types of armour.
You are amphibious.
You can wear up to eight rings at the same time.
Your skin changes colour to match your surroundings (Stealth+).
Your rubbery body absorbs attacks. (AC +1, EV +1)
((You are camouflaged when in or above water. (Stealth+)))
You have tentacles for arms and can constrict up to eight enemies at once.
You are occasionally teleported next to monsters.


Message History

You constrict the gnoll shaman.
You feel a bit better.
You kill the gnoll shaman!
The gnoll hits you from afar with a +0 spear.
The gnoll hits you with a +0 club!
* * * LOW HITPOINT WARNING * * *
The gnoll attacks as you move away! The gnoll hits you but does no damage.
The gnoll hits you with a +0 club.
* * * LOW HITPOINT WARNING * * *
You see here a wand of iceblast (10).
Found a dagger.
The gnoll attacks as you move away! The gnoll hits you with a +0 club.
* * * LOW HITPOINT WARNING * * *
The gnoll attacks as you move away! The gnoll barely misses you.
You howl as the wereblood boils in your veins!
You are confused.
You feel invigorated. The gnoll hits you with a +0 club.
* * * LOW HITPOINT WARNING * * *
Unknown command.
You closely miss the gnoll. You closely miss the gnoll.
Your squeeze misses the gnoll.
The gnoll hits you from afar with a +0 spear.
* * * LOW HITPOINT WARNING * * *
The gnoll hits you but does no damage.
You bump into the rock wall.
The gnoll hits you from afar with a +0 spear.
* * * LOW HITPOINT WARNING * * *
The gnoll hits you with a +0 club.
* * * LOW HITPOINT WARNING * * *
You bump into the rock wall.
The gnoll misses you. The gnoll hits you with a +0 club.
* * * LOW HITPOINT WARNING * * *
You bump into the rock wall.
The gnoll hits you from afar with a +0 spear.
* * * LOW HITPOINT WARNING * * *
The gnoll hits you but does no damage.
You bump into the rock wall.
The gnoll hits you from afar with a +0 spear.
* * * LOW HITPOINT WARNING * * *
The gnoll hits you with a +0 club.
You die...

#### ...##
####...###
.....#...
#...########.#
###./.gg@.....#
#.).########).#
#)#.# #.#.#
#$#.# ....#
#.### #.# #.#


You could see 2 gnolls.

Vanquished Creatures
  An ice beast (D:6)
  A centaur (D:5)
  A phantom (D:6)
  A water moccasin zombie (D:5)
  5 scorpions
  A howler monkey (D:2)
  A bullfrog zombie (D:5)
  2 orc priests (D:4)
  A jelly (D:6)
  2 centaur skeletons (D:5)
  A gnoll shaman (D:6)
  A scorpion zombie (D:5)
  Terence (D:2)
  Natasha (thrice) (D:2)
  5 iguanas
  4 orc wizards
  A hound zombie (D:5)
  Robin (D:2)
  4 gnolls
  7 adders
  A shadow imp (D:5)
  A white imp (D:5)
  A worm (D:3)
  4 dart slugs
  17 orcs
  9 ball pythons
  A bat (D:3)
  4 endoplasms
  11 goblins
  6 hobgoblins
  4 kobolds
  2 quokkas
  3 frilled lizards
  2 rats
  A spectral goblin (D:1)
111 creatures vanquished.

Vanquished Creatures (others)
  6 withered plants (D:5)
6 creatures vanquished.

Grand Total: 117 creatures vanquished

Notes
Turn   | Place    | Note
-------+----------+-------------------------------------------
     0 | D:1      | ytrimaz the Octopode Transmuter began the quest for the
                  | Orb.
     0 | D:1      | Reached XP level 1. HP: 13/13 MP: 3/3
   235 | D:1      | Found a faded altar of an unknown god.
   294 | D:1      | Found Vumynom's Magic Scroll Boutique.
   306 | D:1      | Bought a scroll of identify for 20 gold pieces
   306 | D:1      | Bought a scroll of identify for 20 gold pieces
   306 | D:1      | Bought a scroll of identify for 20 gold pieces
   714 | D:1      | Reached skill level 1 in Stealth
   714 | D:1      | Reached XP level 2. HP: 18/18 MP: 5/5
   979 | D:1      | Learned a level 2 spell: Wereblood
  1100 | D:2      | Found a runed translucent door.
  1101 | D:2      | Noticed Crazy Yiuf
  1239 | D:2      | Reached XP level 3. HP: 15/23 MP: 6/6
  1465 | D:2      | Reached XP level 4. HP: 25/28 MP: 7/7
  1473 | D:2      | Noticed Terence
  1492 | D:2      | Killed Terence
  1688 | D:2      | Noticed Natasha
  1697 | D:2      | Killed Natasha
  1826 | D:2      | Noticed Robin
  1830 | D:2      | Reached XP level 5. HP: 33/33 MP: 6/8
  1833 | D:2      | Killed Robin
  2079 | D:2      | Noticed Natasha
  2094 | D:2      | Killed Natasha
  2259 | D:2      | Noticed Natasha
  2265 | D:2      | Killed Natasha
  2978 | D:4      | Reached XP level 6. HP: 15/38 MP: 7/9
  3621 | D:4      | Learned a level 3 spell: Spider Form
  3664 | D:4      | Found Lurph's Assorted Antiques.
  3704 | D:4      | Reached skill level 5 in Stealth
  3871 | D:4      | Reached skill level 5 in Unarmed Combat
  4159 | D:4      | Reached XP level 7. HP: 39/43 MP: 5/10
  4897 | D:5      | Entered Level 5 of the Dungeon
  5195 | D:5      | Found a staircase to the Ecumenical Temple.
  5213 | Temple   | Entered the Ecumenical Temple
  5633 | Temple   | Became a worshipper of Ashenzari the Shackled
  5928 | D:5      | Learned a level 4 spell: Ice Form
  5930 | D:5      | Gained mutation: You are occasionally teleported next to
                  | monsters. [mutagenic glow]
  6020 | D:5      | Reached XP level 8. HP: 46/48 MP: 7/11
  6521 | D:6      | Reached skill level 5 in Transmutations
  6866 | D:6      | HP: 1/48 [gnoll/+0 spear (5)]
  6867 | D:6      | Slain by a gnoll

Illustrated notes

Levels and vault maps discovered:
D:1:      sevenhm_arrival_forest_fort_small_4, layout_loops_ring,
          dreamdust_ecumenical_altar_drowned_temple, serial_shops, shop_coins,
          nicolae_figureground_pulse
D:2:      layout_loops_ring, uniq_terence, uniq_natasha, uniq_robin,
          uniq_crazy_yiuf_cottage
D:3:      layout_basic
D:4:      layout_cave_pools, portal_sewer_entry_d, serial_shops, kennysheep_mini
D:5:      layout_loops_ring, minmay_temple_entry_slanted, serial_undead,
          serial_undead_e, serial_undead_f, serial_undead_b, serial_undead_d,
          minmay_tree_intersection, minmay_a_box_with_orc_wizards_in_it
D:6:      layout_loops_ring, kennysheep_windowed_goal
Temple:   mainiacjoe_temple_big_plus

Skill      XL: |  1  2  3  4  5  6  7  8 |
---------------+-------------------------+-----
Stealth        | 1 2 3 4 5 6 7 |  7.0
Unarmed Combat | 4 5 6 7 |  7.4
Transmutations | 3 4 5 |  5.2
Dodging        | 3 |  3.2
Spellcasting   | 3 |  3.1
Fighting       | |  1.0
Ice Magic      | |  0.2
Poison Magic   | |  0.2

Action                   |  1- 3 |  4- 6 |  7- 9 || total
-------------------------+-------+-------+-------++-------
Melee: Unarmed           |    37 |   111 |   153 ||   301
       Constrict         |    10 |    27 |    27 ||    64
       Tentacles         |    11 |    21 |    31 ||    63
       Punch             |     3 |     4 |     9 ||    16
       Kick              |       |    27 |    46 ||    73
 Cast: Beastly Appendage |       |    21 |    17 ||    38
       Wereblood         |       |     1 |     3 ||     4
       Spider Form       |       |     1 |     1 ||     2
  Use: Scroll            |     4 |     6 |     5 ||    15
       Potion            |       |     6 |     3 ||     9
 Stab: Sleeping          |     6 |     5 |    10 ||    21
       Invisible         |       |       |     3 ||     3
Armor: Skin              |     5 |     7 |    29 ||    41
Dodge: Dodged            |    14 |    74 |    98 ||   186

Table legend: (Time is in decaauts)
 A = Elapsed time spent in this place.
 B = Non-inter-level travel time spent in this place.
 C = Inter-level travel time spent in this place.
 D = Time resting spent in this place.
 E = Time spent auto-exploring this place.
 F = Levels seen in this place.
 G = Mean time per level.
                   A        B        C        D        E       F      G
               +--------+--------+--------+--------+--------+-----+--------+
         Total |   6844 |   6664 |    180 |    728 |   4830 |   7 |  977.7 |
       Dungeon |   6399 |   6228 |    171 |    728 |   4426 |   6 | 1066.5 |
        Temple |    445 |    436 |      9 |      0 |    404 |   1 |  445.0 |
               +--------+--------+--------+--------+--------+-----+--------+

Top non-repeatable levels by time:
     D:4: 1507 daAuts
     D:2: 1279 daAuts
     D:3: 1066 daAuts
     D:1: 1036 daAuts
     D:5: 910 daAuts
     D:6: 598 daAuts
  Temple: 445 daAuts
